 Dungeon Crawl Stone Soup version 0.19.3-1-g3169bf9 (webtiles) character file.

58 ponk the Cudgeler (level 4, 0/48 HPs)
             Began as an Ogre Berserker on Jan 25, 2017.
             Was a Believer of Trog.
             Slain by a hobgoblin
             ... wielding a +0 club
              (4 damage)
             ... on level 3 of the Dungeon.
             The game lasted 00:04:00 (1473 turns).

ponk the Cudgeler (Ogre Berserker)                  Turns: 1473, Time: 00:04:00

Health: 0/48       AC:  4    Str: 22    XL:     4   Next: 2%
Magic:  4/4        EV: 10    Int:  6    God:    Trog [**....]
Gold:   94         SH:  0    Dex: 10    Spells: 0 memorised, 3 levels left

rFire  . . .     SeeInvis .     a - +1 mace
rCold  . . .     Gourm    .     b - +0 animal skin
rNeg   . . .     Faith    .     (no shield)
rPois  .         Spirit   .     (helmet restricted)
rElec  .         Reflect  .     l - +0 cloak
rCorr  .         Harm     .     (gloves unavailable)
MR     .....                    (boots unavailable)
Stlth  ..........               (no amulet)
                                (no ring)
                                i - ring of loudness (curse)

@: no status effects
A: unfitting armour, tough skin 1
a: Berserk, Trog's Hand, Burn Spellbooks, Renounce Religion


You were on level 3 of the Dungeon.
You worshipped Trog.
Trog was pleased with you.
You were not hungry.

You visited 1 branch of the dungeon, and saw 3 of its levels.

You collected 94 gold pieces.

Inventory:

Hand Weapons
 a - a +1 mace (weapon)
Armour
 b - a +0 animal skin (worn)
 l - a +0 cloak (worn)
Jewellery
 i - a cursed ring of loudness (left hand)
 m - a cursed -3 ring of dexterity {unknown}
Scrolls
 d - a scroll of identify
 q - a scroll of fog {unknown}
Potions
 e - a potion of haste
 f - a potion of beneficial mutation {unknown}
 g - 2 potions of might {unknown}
 h - 2 potions of heal wounds {unknown}
 j - a potion of curing {unknown}
 k - a potion of resistance {unknown}
 o - a potion of degeneration {unknown}
Comestibles
 c - 2 bread rations
 n - 3 fruits
 p - 2 chunks of flesh


   Skills:
 - Level 4.0 Fighting
 + Level 6.0 Maces & Flails
 - Level 2.9 Dodging


You had 3 spell levels left.
You didn't know any spells.

Dungeon Overview and Level Annotations

Branches:
Dungeon (3/15)

Altars:
Uskayaw


Innate Abilities, Weirdness & Mutations

You are too large for most types of armour.
You have tough skin. (AC +1)


Message History

a club; a rat corpse; a goblin corpse You hit the goblin.
The goblin is heavily wounded.
The goblin hits you with an uncursed club.
* * * LOW HITPOINT WARNING * * *
The hobgoblin barely misses you.
You sock the goblin!
You kill the goblin!
Trog accepts your kill. The hobgoblin hits you with a club.
* * * LOW HITPOINT WARNING * * *
You closely miss the hobgoblin. The hobgoblin hits you with a club.
* * * LOW HITPOINT WARNING * * *
You hit the hobgoblin.
The hobgoblin is severely wounded.
The hobgoblin barely misses you.
You barely miss the hobgoblin.
The hobgoblin is severely wounded.
The hobgoblin hits you with a club.
You die...

... ... ..# . ## ##########
..# r. .##### #....(...#
?.#.go .......#........# ..(g>
...###..........###########..#
..........<.....@).(†.....(..#
...#####.......g##.....####..#
...# ###########.....# .....
...# #.....# ...... ...#
.......# .#.... .....
####..##.. .....r ...#. ..##
... .. ..# #### ...... ..#
....


You could see a hobgoblin.

Vanquished Creatures
  An adder (D:3)
  An ooze (D:2)
  A dart slug (D:2)
  A leopard gecko (D:1)
  A ball python (D:2)
  5 giant cockroaches
  5 goblins
  5 hobgoblins (D:1)
  2 kobolds (D:1)
  9 bats
  3 frilled lizards
  7 rats
41 creatures vanquished.

Notes
Turn   | Place    | Note
-------+----------+-------------------------------------------
     0 | D:1      | ponk the Ogre Berserker began the quest for the Orb.
     0 | D:1      | Reached XP level 1. HP: 24/24 MP: 1/1
   185 | D:1      | Reached XP level 2. HP: 32/32 MP: 2/2
   454 | D:1      | Reached skill level 5 in Maces & Flails
   543 | D:1      | Reached XP level 3. HP: 37/39 MP: 3/3
  1098 | D:2      | Found a hide-covered altar of Uskayaw.
  1368 | D:3      | Noticed an ogre
  1374 | D:2      | Reached ** piety under Trog
  1453 | D:3      | Reached skill level 6 in Maces & Flails
  1465 | D:3      | Reached XP level 4. HP: 11/48 MP: 4/4
  1473 | D:3      | Slain by a hobgoblin

Skill      XL: |  1  2  3 |
---------------+----------+-----
Maces & Flails | 5 6 |  6.0
Fighting       | |  4.0
Dodging        | |  2.9

Action                   |  1- 3 |  4- 6 || total
-------------------------+-------+-------++-------
Melee: Mace              |    99 |     7 ||   106
  Use: Scroll            |     5 |       ||     5
  Eat: Chunk             |     2 |       ||     2
Armor: Animal skin       |    46 |     1 ||    47
Dodge: Dodged            |    56 |     4 ||    60
